 Dungeon Crawl Stone Soup version 0.25-a0-1126-g5fd7b56c60 (webtiles) character file.

Game seed: 15852915863931583709, levelgen mode: deterministic

22 Ocherednoy the Skirmisher (level 2, 0/27 HPs)
             Began as a Draconian Fighter on May 19, 2020.
             Succumbed to a kobold's poison
             ... on level 1 of the Dungeon.
             The game lasted 00:04:41 (934 turns).

Ocherednoy the Skirmisher (Draconian Fighter)        Turns: 934, Time: 00:04:42

Health: 0/27       AC:  4    Str: 15 (18) XL:     2   Next: 68%
Magic:  2/2        EV: 10    Int:  6 (8)  God:
Gold:   11         SH:  8    Dex:  8 (10) Spells: 1/1 levels left

rFire    . . .     SeeInvis .   a - +0 long sword
rCold    . . .     Gourm    .   b - +0 kite shield
rNeg     . . .     Faith    .   (armour unavailable)
rPois    .         Spirit   .   (helmet restricted)
rElec    .         Reflect  .   (no cloak)
rCorr    .         Harm     .   (no gloves)
MR       .....                  (no boots)
Stlth    +.........             (no amulet)
HPRegen  0.09/turn              (no ring)
MPRegen  0.08/turn              (no ring)

@: lethally poisoned (0 -> -6)
A: unfitting armour, cold-blooded, AC +4
a: no special abilities


You were on level 1 of the Dungeon.
You were not hungry.

You visited 1 branch of the dungeon, and saw 1 of its levels.

You collected 11 gold pieces.

Inventory:

Hand Weapons
 a - a +0 long sword (weapon)
Armour
 b - a +0 kite shield (worn)
Potions
 c - a potion of might
 e - 2 potions of degeneration
Comestibles
 d - a ration
 f - 5 chunks of flesh


   Skills:
 + Level 3.6 Fighting
 + Level 2.2 Long Blades
 + Level 3.0 Dodging
 + Level 3.2 Shields


You had one spell level left.
You didn't know any spells.
Your spell library was empty.

Dungeon Overview and Level Annotations

Branches:
Dungeon (1/15)

Altars:


Innate Abilities, Weirdness & Mutations

Your plain brown scales are hard. (AC +4)
You cannot fit into any form of body armour.
You are cold-blooded and may be slowed by cold attacks.


Message History

You riposte.
You slash the jackal!
You kill the jackal!
The rat bites you but does no damage. The jackal closely misses you.
The rat closely misses you.
You closely miss the rat.
* * * LOW HITPOINT WARNING * * *
You feel sick. You block the jackal's attack. The jackal barely misses you.
The rat closely misses you.
Unknown command.
You closely miss the rat.
* * * LOW HITPOINT WARNING * * *
You feel sick. The jackal closely misses you.
The rat bites you but does no damage. You block the jackal's attack.
Unknown command.
You hit the rat.
You kill the rat!
The jackal closely misses you.
You riposte.
You barely miss the jackal. You block the jackal's attack.
Your shield prevents you from hitting the jackal.
You die...

##... #...#.# .......
#... #...#.. .......
.#....##...#.. .......
...........#.. .......
.#....##...##. .......
#....##...##. .......
#....##...##.
......h#####....##......
#...@........###.....
#..†(........# #.....
#....((....#####.....
................).......
........................
........................
..............##.....###
...##############'#.....
... #.#.#...


You could see a jackal.

Vanquished Creatures
  An ooze (D:1)
  2 bats (D:1)
  3 giant cockroaches (D:1)
  2 hobgoblins (D:1)
  A jackal (D:1)
  A goblin (D:1)
  4 kobolds (D:1)
  3 rats (D:1)
17 creatures vanquished.

Notes
Turn   | Place    | Note
-------+----------+-------------------------------------------
     0 | D:1      | Ocherednoy the Draconian Fighter began the quest for the
                  | Orb.
     0 | D:1      | Reached XP level 1. HP: 19/19 MP: 1/1
   851 | D:1      | Reached XP level 2. HP: 26/26 MP: 2/2
   932 | D:1      | HP: 1/27 [poisoned by a kobold]
   934 | D:1      | Succumbed to a kobold's poison

Illustrated notes

Levels and vault maps discovered:
D:1:      ebering_trefoil_twist, layout_basic, serial_bayou_crossing

Skill      XL: |  1  2 |
---------------+-------+-----
Dodging        | 3 |  3.0
Fighting       | |  3.6
Long Blades    | |  2.2
Shields        | |  3.2

Action                   || total
-------------------------++-------
Melee: Long sword        ||    42
       Tailslap          ||     4
  Use: Scroll            ||     1
       Potion            ||     1
Armor: Skin              ||    18
Dodge: Dodged            ||    34
Block: Kite shield       ||    31
       Rpst.: Long sword ||     9

Table legend:
 A = Non-vault XP
 B = Vault XP
 C = Vault XP percentage of total XP
 D = Non-vault monster count
 E = Vault monster count
 F = Vault count percentage of total count
                 A         B        C        D         E       F
            +---------+---------+-------+---------+---------+-------
      Total |      32 |       0 |   0.0 |      17 |       0 |   0.0
            +---------+---------+-------+---------+---------+-------
        D:1 |      32 |       0 |   0.0 |      17 |       0 |   0.0
            +---------+---------+-------+---------+---------+-------
